 Seeded DCSS version 0.29.1-15-g9cfb28693d (webtiles) character file.

Game seed: 6320845443627075161 (custom seed)

60 Psyclone the Firebug (level 3, -4/19 HPs)
             Began as a Deep Elf Fire Elementalist on Sept 23, 2023.
             Slain by Crazy Yiuf
             ... wielding a +2 quarterstaff of chaos
              (17 damage)
             ... on level 3 of the Dungeon.
             The game lasted 00:06:20 (2138 turns).

Psyclone the Firebug (Deep Elf Fire Elementalist)   Turns: 2138, Time: 00:06:21

Health: -4/19      AC:  3    Str:  5    XL:     3   Next: 80%
Magic:  18/27      EV: 12    Int: 21    God:
Gold:   111        SH:  0    Dex: 15    Spells: 1/8 levels left

rFire   . . .      SeeInvis .   b - +3 short sword
rCold   . . .      Faith    .   (no shield)
rNeg    . . .      Spirit   .   i - +0 robe
rPois   .          Reflect  .   q - +1 hat {Stlth+}
rElec   .          Harm     .   (no cloak)
rCorr   .          Rampage  .   (no gloves)
Will    .....                   (no boots)
Stlth   +++.......              (no amulet)
HPRegen 0.06/turn               g - ring of magical power
MPRegen 0.20/turn               n - ring of magical power

@: freezing walls, very slightly contaminated
A: no striking features
a: no special abilities


You were on level 3 of the Dungeon.
You visited 1 branch of the dungeon, and saw 3 of its levels.

You collected 111 gold pieces.

Inventory:

Hand Weapons
 b - a +3 short sword (weapon)
Armour
 i - a +0 robe (worn)
 q - a +1 hat of stealth (worn)
Magical Staves
 a - a staff of air
Jewellery
 g - a ring of magical power (left hand)
 n - a ring of magical power (right hand)
Wands
 o - a wand of flame (13)
Scrolls
 c - 2 scrolls of teleportation {unknown}
 j - 2 scrolls of magic mapping {unknown}
 m - a scroll of identify {unknown}
 p - 2 scrolls of vulnerability {unknown}
Potions
 d - a potion of magic
 e - 2 potions of curing {unknown}
 f - a potion of flight {unknown}
 h - a potion of haste {unknown}
 k - a potion of resistance {unknown}
 l - a potion of brilliance {unknown}


   Skills:
 - Level 2.4 Dodging
 - Level 2.4 Stealth
 + Level 3.3 Spellcasting
 - Level 1.1 Conjurations
 + Level 3.5 Fire Magic
 + Level 3.4 Ice Magic


You had one spell level left.
You knew the following spells:

 Your Spells              Type           Power      Damage    Failure   Level
a - Foxfire               Conj/Fire      52%        2x1d6     4%          1
b - Frozen Ramparts       Ice            34%        1d6       10%         3
c - Conjure Flame         Conj/Fire      13%        6-21      16%         3

Your spell library contained the following spells:

 Spells                   Type           Power      Damage    Failure   Level
 Freeze                   Ice            68%        1d8       3%          1
 Scorch                   Fire           36%        2d7       4%          2
 Inner Flame              Hex/Fire       10%        N/A       19%         3
 Flame Wave               Conj/Fire      13%        2d6       45%         4
 Hailstorm                Conj/Ice       13%        3d5       45%         4


Dungeon Overview and Level Annotations

Branches:
Dungeon (3/15) Zot: 15863

Altars:

Shops:
D:2 :

Annotations:
D:3 Crazy Yiuf


Message History

Confirm with . or Enter, or press ? or * to list all spells.
The spell is extremely dangerous to miscast (10% risk of failure)!
Continue anyway?
Casting: Frozen Ramparts (extremely dangerous; 10% risk of failure)
Press: ? - help, Dir - look around, f - activate The walls around you are covered in ice.
You now have 21/27 mp.
Casting: Frozen Ramparts (extremely dangerous; 10% risk of failure)
Confirm with . or Enter, or press ? or * to list all spells.
You conjure some foxfire!
The wall freezes Crazy Yiuf.
You now have 20/27 mp.
Casting: Foxfire (safe; 4% risk of failure)
Confirm with . or Enter, or press ? or * to list all spells.
You conjure some foxfire!
The foxfire hits Crazy Yiuf but does no damage.
Crazy Yiuf is heavily wounded.
The foxfire hits Crazy Yiuf but does no damage.
Crazy Yiuf is heavily wounded.
The wall freezes Crazy Yiuf but does no damage.
Casting: Foxfire (safe; 4% risk of failure)
Confirm with . or Enter, or press ? or * to list all spells.
You conjure some foxfire!
The foxfire hits Crazy Yiuf but does no damage.
Crazy Yiuf is heavily wounded.
The foxfire hits Crazy Yiuf.
Crazy Yiuf is severely wounded.
The wall freezes Crazy Yiuf.
Crazy Yiuf says, "Powder sallow childish!"
Crazy Yiuf hits you with a +2 quarterstaff of chaos.
Crazy Yiuf draws strength from your wounds!
You take 6 damage, and have 13/19 hp.
MASSIVE DAMAGE!!
You now have 19/27 mp.
Casting: Foxfire (safe; 4% risk of failure)
Confirm with . or Enter, or press ? or * to list all spells.
You conjure some foxfire!
The foxfire hits Crazy Yiuf.
Crazy Yiuf is severely wounded.
The foxfire hits Crazy Yiuf.
Crazy Yiuf is almost dead.
The wall freezes Crazy Yiuf.
Crazy Yiuf hits you with a +2 quarterstaff of chaos!
Ouch! That really hurt!
You die...

.#.##.#..##### #.#.#######
(............# #.#...##...
#####.#.####.#####.#.#.##.##
#.#.####.......#...##.#
#†#.##...########.###.#
#.......## #.# #.#
.....####....# #.# #.# ####
#.v§v# #.# #.## #..@.#
#####.###... ##.g.#
.......##### ##.##
............ ##.#
####...#### #.## #>§.## #
##.# #####....# # #.##
#..<.....# # #'# #>##.....#
# ... ##.##.#.### #


You could see Crazy Yiuf (ally target).

Vanquished Creatures
  An orc priest (D:3)
  An adder (D:2)
  2 dart slugs (D:2)
  2 orcs (D:3)
  3 ball pythons
  2 goblins
  3 bats
  3 kobolds (D:3)
  2 rats
19 creatures vanquished.

Vanquished Creatures (collateral kills)
  A foxfire (D:3)
1 creature vanquished.

Vanquished Creatures (others)
  80 foxfires
  2 fungi (D:3)
82 creatures vanquished.

Grand Total: 102 creatures vanquished

Notes
Turn   | Place    | Note
-------+----------+-------------------------------------------
     0 | D:1      | Psyclone the Deep Elf Fire Elementalist began the quest for
                  | the Orb.
     0 | D:1      | Reached XP level 1. HP: 10/10 MP: 6/6
   126 | D:2      | Reached skill level 1 in Ice Magic
   153 | D:2      | Identified a scroll of acquirement
   153 | D:2      | Acquired a ring of magical power
  1059 | D:2      | Reached XP level 2. HP: 15/15 MP: 8/8
  1319 | D:2      | Found a faded altar of an unknown god.
  1375 | D:2      | Found Weil's Book Boutique.
  1630 | D:3      | Reached XP level 3. HP: 9/19 MP: 9/9
  1891 | D:2      | Learned a level 3 spell: Frozen Ramparts
  1895 | D:2      | Learned a level 3 spell: Conjure Flame
  2119 | D:3      | Found a runed translucent door.
  2120 | D:3      | Noticed Crazy Yiuf
  2138 | D:3      | Slain by Crazy Yiuf

Illustrated notes

Levels and vault maps discovered:
D:1:      dpeg_arrival_lava_temple_mockup, layout_basic
D:2:      layout_loops_ring, shapermc_ecumenical_altar_starsandcircs,
          serial_shops, nicolae_shop_window_shopping
D:3:      layout_loops_ring, pdpol_wu_jian_five_deadly_venoms, corexii_shack,
          uniq_crazy_yiuf_cottage

Skill      XL: |  1  2 |
---------------+-------+-----
Ice Magic      | 1 3 |  3.4
Dodging        | |  2.4
Stealth        | |  2.4
Spellcasting   | |  3.3
Conjurations   | |  1.1
Fire Magic     | |  3.5

Action                   || total
-------------------------++-------
Melee: Staff             ||     1
       Punch             ||     1
       Short sword       ||     2
 Cast: Foxfire           ||    52
       Frozen Ramparts   ||     2
  Use: Scroll            ||     1
Armor: Robe              ||     1
Dodge: Dodged            ||     6
